 Dungeon Crawl Stone Soup version 0.26-b1-32-g5d43845318 (webtiles) character file.

Game seed: 15156733474498555180

102 teolandon225 the Chopper (level 4, -8/61 HPs)
             Began as a Minotaur Berserker on Jan 4, 2021.
             Was a Believer of Trog.
             Shot with an arrow by a centaur (13 damage)
             ... on level 4 of the Dungeon.
             The game lasted 00:03:04 (2414 turns).

teolandon225 the Chopper (Minotaur Berserker)       Turns: 2414, Time: 00:03:04

Health: -8/61      AC:  4    Str: 23    XL:     4   Next: 50%
Magic:  3/3        EV: 12    Int:  4    God:    Trog [**....]
Gold:   169        SH:  0    Dex:  9    Spells: 3/3 levels left

rFire    . . .     SeeInvis .   a - +0 hand axe
rCold    . . .     Faith    .   (no shield)
rNeg     . . .     Spirit   .   b - +0 animal skin
rPois    .         Reflect  .   (helmet restricted)
rElec    .         Harm     .   l - +0 cloak
rCorr    .         Rampage  .   i - +0 pair of gloves
Will     .....                  (no boots)
Stlth    ..........             (no amulet)
HPRegen  0.20/turn              (no ring)
MPRegen  0.08/turn              (no ring)

@: berserking, very quick
A: retaliatory headbutt, horns 2
a: Renounce Religion, Berserk, Trog's Hand


You were on level 4 of the Dungeon.
You worshipped Trog.
Trog was pleased with you.
You visited 1 branch of the dungeon, and saw 4 of its levels.

You collected 169 gold pieces.

Inventory:

Hand Weapons
 a - a +0 hand axe (weapon)
Armour
 b - a +0 animal skin (worn)
 i - a +0 pair of gloves (worn)
 l - a +0 cloak (worn)
Jewellery
 d - an uncursed ring of wizardry {unknown}
 k - an uncursed ring of resist corrosion {unknown}
Scrolls
 g - 2 scrolls of teleportation {unknown}
 j - a scroll of identify {unknown}
 o - a scroll of immolation {unknown}
Potions
 c - a potion of flight {unknown}
 e - a potion of invisibility {unknown}
 f - a potion of resistance {unknown}
 h - 2 potions of curing {unknown}
 m - a potion of mutation {unknown}
 n - a potion of haste {unknown}
 p - a potion of cancellation {unknown}


   Skills:
 + Level 4.4 Fighting
 * Level 4.9 Axes
 + Level 3.3 Armour
 + Level 3.0 Dodging


You had 3 spell levels left.
You didn't know any spells.
Your spell library was empty.

Dungeon Overview and Level Annotations

Branches:
Dungeon (4/15)
 Temple: D:4-7

Altars:
Fedhas
Xom

Annotations:
D:3 Grinder


Innate Abilities, Weirdness & Mutations

You reflexively headbutt those who attack you in melee.
You have a pair of horns on your head.


Message History

The centaur shoots an arrow.
The arrow barely misses you.
You feel a strong urge to attack something.
Something hits the bush but does no damage.
The howler monkey hits you.
* * * LOW HITPOINT WARNING * * *
You closely miss the howler monkey. You barely miss the iguana.
The iguana bites you!
* * * LOW HITPOINT WARNING * * *
You closely miss the howler monkey. You slash the iguana!
The howler monkey misses you. You furiously retaliate!
You headbutt the howler monkey!
The centaur hits the bush but does no damage.
You closely miss the howler monkey.
The howler monkey is heavily wounded.
You closely miss the iguana. The iguana barely misses you.
The howler monkey hits you.
* * * LOW HITPOINT WARNING * * *
The centaur wields a +0 shortbow.
The centaur shoots an arrow.
The arrow hits you!
You die...

.........#####..
##.#..^........#
...............
...........#
#.........#
#.........#
#...<.....#
#....(....#
#....@....#
.......hl...#
PPPP.........#
P.PPP........+
PPcPP.#.#....#
.PP..#.#.##.#
...#. .# .# #..
.. .. +


You could see a centaur, a howler monkey and an iguana.

Vanquished Creatures
  Crazy Yiuf (D:2)
  2 adders
  2 worms
  A dart slug (D:1)
  2 leopard geckos (D:2)
  3 orcs (D:2)
  5 bats
  3 giant cockroaches
  4 hobgoblins
  3 jackals (D:2)
  2 ball pythons (D:1)
  6 frilled lizards
  5 goblins
  5 kobolds
  5 rats
49 creatures vanquished.

Notes
Turn   | Place    | Note
-------+----------+-------------------------------------------
     0 | D:1      | teolandon225 the Minotaur Berserker began the quest for the
                  | Orb.
     0 | D:1      | Reached XP level 1. HP: 19/19 MP: 0/0
   145 | D:1      | Reached XP level 2. HP: 19/27 MP: 1/1
  1017 | D:1      | Reached XP level 3. HP: 28/33 MP: 2/2
  1067 | D:2      | Reached ** piety under Trog
  1588 | D:2      | Reached XP level 4. HP: 38/40 MP: 3/3
  1654 | D:2      | Found a shimmering altar of Xom.
  2033 | D:2      | Found a runed translucent door.
  2034 | D:2      | Noticed Crazy Yiuf
  2163 | D:2      | Killed Crazy Yiuf
  2403 | D:3      | Noticed Grinder
  2408 | D:4      | Found a blossoming altar of Fedhas.
  2408 | D:4      | Noticed a centaur
  2414 | D:4      | Shot with an arrow by a centaur

Illustrated notes

Levels and vault maps discovered:
D:1:      lightli_arrival_flooded_house, layout_basic
D:2:      layout_basic, lemuel_crystal_altar, guppyfry_early_orc_mine,
          uniq_crazy_yiuf_cottage
D:3:      layout_loops_cross, general_overflow_altar,
          gammafunk_ghost_abyssal_escape, uniq_grinder
D:4:      layout_basic, minmay_temple_entry_mist, hangedman_decor_lopped,
          fedhas_bush_and_centaur_altar, uniq_purgy

Skill      XL: |  1  2  3  4 |
---------------+-------------+-----
Axes           | 4 |  4.9
Fighting       | 4 |  4.4
Armour         | 3 |  3.3
Dodging        | 3 |  3.0

Action                   |  1- 3 |  4- 6 || total
-------------------------+-------+-------++-------
Melee: Hand axe          |    87 |    18 ||   105
       Headbutt          |    12 |     4 ||    16
Invok: Berserk           |     1 |     2 ||     3
 Stab: Sleeping          |       |     1 ||     1
Armor: Animal skin       |    16 |     3 ||    19
Dodge: Dodged            |    72 |    12 ||    84
